SR
FLINT CRUSH @ CANONNIERS DE QUEBEC
07/28/2042
 
TOP OF THE 1ST
Flint Crush batting - Pitching for Canonniers de Quebec : LHP Darwin Donovan
Pitching: LHP Darwin Donovan
Batting: RHB Tony Silva 0-0: Ball
1-0: Foul Ball, location: 2F
1-1: Ball
2-1: Foul Ball, location: 2F
2-2: Ball
3-2: SINGLE (Flyball, 8RS, EV 89.4 MPH)
Batting: RHB Jason Conway 0-0: Fielders Choice at 2nd, 5-4 (Groundball, 56, EV 101.9 MPH)
Batting: SHB Mike Sherman 0-0: Ball
1-0: Foul Ball, location: 2F
1-1: Foul Ball, location: 2F
1-2: SINGLE (Groundball, 56, EV 86.2 MPH) (infield hit)
Jason Conway to second
Batting: RHB Carlos Núñez 0-0: Foul Ball, location: 2F
0-1: 3-RUN HOME RUN (Flyball, 7LD, EV 97.5 MPH), Distance : 347 ft
Batting: RHB Bindu Mongia 0-0: Ball
1-0: Ground out 5-3 (Groundball, 56, EV 108.8 MPH)
Batting: SHB Barnes Libbinga 0-0: SINGLE (Groundball, 6MD, EV 94.4 MPH)
Batting: RHB Corey Joseph 0-0: Ball
Barnes Libbinga steals 2nd base
1-0: Called Strike
1-1: Swinging Strike
1-2: Ball
2-2: Foul Ball, location: 2F
2-2: Strikes out swinging
Top of the 1st over - 3 runs, 4 hits, 0 errors, 1 left on base; Flint 3 - Canonniers de Quebec 0
BOTTOM OF THE 1ST
Canonniers de Quebec batting - Pitching for Flint Crush : RHP Todd Montgomery
Pitching: RHP Todd Montgomery
Batting: RHB Ron Johnson 0-0: Ball
1-0: Foul Ball, location: 2F
1-1: Ball
2-1: Swinging Strike
2-2: SINGLE (Groundball, 13, EV 75.0 MPH) (infield hit)
Batting: LHB Jake Hill 0-0: Ball
1-0: Ball
Ron Johnson steals 2nd base
2-0: Called Strike
2-1: Ground out 5-3 (Groundball, 56S, EV 91.9 MPH)
Batting: RHB Cam Lloyd 0-0: Ball
1-0: Ground out 5-3 (Groundball, 56S, EV 85.6 MPH)
Batting: RHB Nick West 0-0: Foul Ball, location: 2F
0-1: Ball
1-1: Ball
2-1: DOUBLE (Line Drive, 89D, EV 111.9 MPH)
Ron Johnson scores
Batting: LHB Jason Longoria 0-0: Fly out, F8 (Flyball, 8LD, EV 93.8 MPH)
Bottom of the 1st over - 1 run, 2 hits, 0 errors, 1 left on base; Flint 3 - Canonniers de Quebec 1
TOP OF THE 2ND
Flint Crush batting - Pitching for Canonniers de Quebec : LHP Darwin Donovan
Batting: SHB Tom Gray 0-0: Ball
1-0: Swinging Strike
1-1: Foul Ball, location: 2F
1-2: Ball
2-2: Ball
3-2: Foul Ball, location: 2F
3-2: Foul Ball, location: 2F
3-2: Fly out, F8 (Flyball, 8LS, EV 88.8 MPH)
Batting: RHB Roy Smith 0-0: Ball
1-0: Reached on error, E3 (Groundball, 34, EV 81.9 MPH)
Batting: RHB Tony Silva 0-0: Called Strike
0-1: Fly out, F7 (Flyball, 78S, EV 93.8 MPH)
Batting: RHB Jason Conway 0-0: Foul Ball, location: 2F
0-1: Ball
1-1: Ball
2-1: Ball
3-1: Foul Ball, location: 2F
3-2: Foul Ball, location: 2F
3-2: Strikes out swinging
Top of the 2nd over - 0 runs, 0 hits, 1 error, 1 left on base; Flint 3 - Canonniers de Quebec 1
BOTTOM OF THE 2ND
Canonniers de Quebec batting - Pitching for Flint Crush : RHP Todd Montgomery
Batting: RHB Juan Cortéz 0-0: Swinging Strike
0-1: Ball
1-1: Fly out, F8 (Flyball, 89M, EV 96.9 MPH)
Batting: RHB Jon Branch 0-0: SINGLE (Groundball, 6D, EV 94.4 MPH)
Batting: RHB Manny Costello 0-0: Ball
1-0: Ball
2-0: Fly out, F9 (Flyball, 9LD, EV 77.5 MPH)
Batting: RHB Ludwig Mangin 0-0: Ball
1-0: Ball
Wild Pitch!
Jon Branch to second
2-0: Fly out, F8 (Flyball, 8LS, EV 78.8 MPH)
Bottom of the 2nd over - 0 runs, 1 hit, 0 errors, 1 left on base; Flint 3 - Canonniers de Quebec 1
TOP OF THE 3RD
Flint Crush batting - Pitching for Canonniers de Quebec : LHP Darwin Donovan
Batting: SHB Mike Sherman 0-0: Called Strike
0-1: Fly out, F9 (Flyball, 89D, EV 85.6 MPH)
Batting: RHB Carlos Núñez 0-0: Ball
1-0: Ball
2-0: Ball
3-0: Called Strike
3-1: Foul Ball, location: 2F
3-2: Foul Ball, location: 2F
3-2: SINGLE (Groundball, 34D, EV 101.2 MPH)
Batting: RHB Bindu Mongia 0-0: Ball
1-0: Ball
2-0: DOUBLE (Line Drive, 78D, EV 98.1 MPH)
Carlos Núñez to third
Runner from 3rd tries for Home, SAFE, throw by LF to trailing runner, SAFE at third!
Batting: SHB Barnes Libbinga 0-0: Ball
1-0: Ball
2-0: Swinging Strike
2-1: Ground out 3-1 (Groundball, 34S, EV 71.2 MPH)
Bindu Mongia scores
Batting: RHB Corey Joseph 0-0: DOUBLE (Line Drive, 89XD, EV 105.6 MPH)
Batting: SHB Tom Gray 0-0: Ball
1-0: Called Strike
1-1: Foul Ball, location: 2F
1-2: Ball
2-2: Foul Ball, location: 2F
2-2: Foul Ball, location: 2F
2-2: DOUBLE (Groundball, 5L, EV 105.6 MPH)
Corey Joseph scores
Pitching: RHP Norman Preesman
Batting: RHB Roy Smith 0-0: Called Strike
0-1: Ball
1-1: Foul Ball, location: 2F
1-2: Foul Ball, location: 2F
1-2: Foul Ball, location: 2F
1-2: Reached on error, E5 (Groundball, 56, EV 96.2 MPH)
Tom Gray to third
Batting: RHB Tony Silva 0-0: Called Strike
0-1: Foul Ball, location: 2F
0-2: SINGLE (Groundball, 6MD, EV 106.9 MPH)
Tom Gray scores
Roy Smith to second
Runner from 2nd tries for 3rd, SAFE, throw by CF made to third
Batting: RHB Jason Conway 0-0: Foul Ball, location: 2F
0-1: Foul Ball, location: 2F
0-2: Foul Ball, location: 2F
0-2: Strikes out looking
Top of the 3rd over - 4 runs, 5 hits, 1 error, 2 left on base; Flint 7 - Canonniers de Quebec 1
BOTTOM OF THE 3RD
Canonniers de Quebec batting - Pitching for Flint Crush : RHP Todd Montgomery
Batting: RHB Ron Johnson 0-0: Ball
1-0: Ball
2-0: Foul Ball, location: 2F
2-1: Foul Ball, location: 2F
2-2: Fly out, F8 (Flyball, 8LD, EV 98.8 MPH)
Batting: LHB Jake Hill 0-0: Ball
1-0: Fly out, F8 (Line Drive, 8LD, EV 90.0 MPH)
Batting: RHB Cam Lloyd 0-0: SINGLE (Groundball, 56D, EV 98.1 MPH)
Batting: RHB Nick West 0-0: Foul Ball, location: 2F
0-1: Ball
1-1: Ball
2-1: Foul Ball, location: 2F
2-2: Fly out, F8 (Flyball, 8RS, EV 91.2 MPH)
Bottom of the 3rd over - 0 runs, 1 hit, 0 errors, 1 left on base; Flint 7 - Canonniers de Quebec 1
TOP OF THE 4TH
Flint Crush batting - Pitching for Canonniers de Quebec : RHP Norman Preesman
Batting: SHB Mike Sherman 0-0: Foul Ball, location: 2F
0-1: SINGLE (Line Drive, 78S, EV 106.9 MPH)
Batting: RHB Carlos Núñez 0-0: Called Strike
0-1: Swinging Strike
0-2: Ball
1-2: Ball
2-2: Foul Ball, location: 2F
2-2: SINGLE (Line Drive, 7S, EV 110.0 MPH)
Mike Sherman to second
Batting: RHB Bindu Mongia 0-0: Called Strike
0-1: Ball
1-1: Called Strike
1-2: Strikes out looking
Batting: SHB Barnes Libbinga 0-0: Ball
1-0: Fielders Choice at 2nd, 6-4 (Groundball, 6, EV 106.9 MPH)
Mike Sherman to third
Batting: RHB Corey Joseph 0-0: Ball
1-0: Swinging Strike
1-1: Foul Ball, location: 2F
1-2: Fly out, F3 (Line Drive, 3, EV 64.4 MPH)
Top of the 4th over - 0 runs, 2 hits, 0 errors, 2 left on base; Flint 7 - Canonniers de Quebec 1
BOTTOM OF THE 4TH
Canonniers de Quebec batting - Pitching for Flint Crush : RHP Todd Montgomery
Batting: LHB Jason Longoria 0-0: Ground out 1-3 (Groundball, 34S, EV 68.1 MPH)
Batting: RHB Juan Cortéz 0-0: Ball
1-0: Foul Ball, location: 2F
1-1: Called Strike
1-2: Ball
2-2: Foul Ball, location: 2F
2-2: Ball
3-2: Strikes out swinging
Batting: RHB Jon Branch 0-0: Swinging Strike
0-1: Called Strike
0-2: Foul Ball, location: 2F
0-2: Strikes out swinging
Bottom of the 4th over - 0 runs, 0 hits, 0 errors, 0 left on base; Flint 7 - Canonniers de Quebec 1
TOP OF THE 5TH
Flint Crush batting - Pitching for Canonniers de Quebec : RHP Norman Preesman
Batting: SHB Tom Gray 0-0: Foul Ball, location: 2F
0-1: Ball
1-1: Foul Ball, location: 2F
1-2: Ball
2-2: Foul Ball, location: 2F
2-2: Ground out 4-3 (Groundball, 4S, EV 81.2 MPH)
Batting: RHB Roy Smith 0-0: Fly out, F4 (Popup, 4, EV 75.6 MPH)
Batting: RHB Tony Silva 0-0: Fly out, F8 (Flyball, 78M, EV 76.2 MPH)
Top of the 5th over - 0 runs, 0 hits, 0 errors, 0 left on base; Flint 7 - Canonniers de Quebec 1
BOTTOM OF THE 5TH
Canonniers de Quebec batting - Pitching for Flint Crush : RHP Todd Montgomery
Batting: RHB Manny Costello 0-0: SINGLE (Groundball, 6MD, EV 99.4 MPH)
Batting: RHB Ludwig Mangin 0-0: Called Strike
0-1: Ball
1-1: Ball
2-1: Fielders Choice at 2nd, 6-4 (Groundball, 6, EV 88.8 MPH)
Batting: RHB Ron Johnson 0-0: Called Strike
0-1: Ball
1-1: Swinging Strike
1-2: Fly out, F9 (Line Drive, 9, EV 101.9 MPH)
Batting: LHB Jake Hill 0-0: Ground out 5-3 (Groundball, 56S, EV 81.2 MPH)
Bottom of the 5th over - 0 runs, 1 hit, 0 errors, 1 left on base; Flint 7 - Canonniers de Quebec 1
TOP OF THE 6TH
Flint Crush batting - Pitching for Canonniers de Quebec : RHP Norman Preesman
Batting: RHB Jason Conway 0-0: Ball
1-0: SINGLE (Groundball, 6, EV 83.1 MPH) (infield hit)
Batting: SHB Mike Sherman 0-0: Ball
1-0: Ball
2-0: Called Strike
2-1: Ball
3-1: Foul Ball, location: 2F
3-2: SINGLE (Line Drive, 89M, EV 110.0 MPH)
Jason Conway to second
Batting: RHB Carlos Núñez 0-0: SINGLE (Groundball, 6, EV 85.0 MPH) (infield hit)
Jason Conway to third
Mike Sherman to second
Batting: RHB Bindu Mongia 0-0: SINGLE (Groundball, 6M, EV 87.5 MPH) (infield hit)
Jason Conway scores
Mike Sherman to third
Carlos Núñez to second
Batting: SHB Barnes Libbinga 0-0: Swinging Strike
0-1: SINGLE (Groundball, 4D, EV 107.5 MPH)
Mike Sherman scores
Carlos Núñez to third
Bindu Mongia to second
Batting: RHB Corey Joseph 0-0: Called Strike
0-1: Ball
1-1: Ball
2-1: Reached on error, E5 (Groundball, 56S, EV 69.4 MPH)
Carlos Núñez scores
Bindu Mongia scores
Barnes Libbinga to third
Batting: SHB Tom Gray 0-0: Ball
1-0: Ball
2-0: Ball
3-0: Base on Balls
Batting: RHB Roy Smith 0-0: Ball
1-0: Ball
2-0: Ball
3-0: Base on Balls
Barnes Libbinga scores
Corey Joseph to third
Tom Gray to second
Batting: RHB Tony Silva 0-0: Ball
1-0: Called Strike
1-1: Ball
2-1: Called Strike
2-2: Foul Ball, location: 2F
2-2: Strikes out swinging
Batting: RHB Jason Conway 0-0: Swinging Strike
0-1: SINGLE (Groundball, 6, EV 99.4 MPH) (infield hit)
Corey Joseph scores
Tom Gray to third
Roy Smith to second
Pitching: RHP Gael Kerwin
Batting: SHB Mike Sherman 0-0: Ball
1-0: Ball
2-0: Ball
3-0: Called Strike
Balk!
Tom Gray scores
Roy Smith to third
Jason Conway to second
3-1: DOUBLE (Groundball, 3L, EV 102.5 MPH)
Roy Smith scores
Jason Conway scores
Batting: RHB Carlos Núñez 0-0: Fly out, F8 (Flyball, 8LXD, EV 111.2 MPH)
Runner from 2nd tags up, SAFE at 3rd, no throw by CF
Batting: RHB Bindu Mongia 0-0: Ball
1-0: Swinging Strike
1-1: Called Strike
1-2: Ball
2-2: Foul Ball, location: 2F
2-2: Ball
3-2: Hit by Pitch
Batting: SHB Barnes Libbinga 0-0: Fly out, F8 (Flyball, 78XD, EV 104.4 MPH)
Top of the 6th over - 9 runs, 7 hits, 1 error, 2 left on base; Flint 16 - Canonniers de Quebec 1
BOTTOM OF THE 6TH
Canonniers de Quebec batting - Pitching for Flint Crush : RHP Todd Montgomery
Batting: RHB Cam Lloyd 0-0: Ball
1-0: Swinging Strike
1-1: Swinging Strike
1-2: Foul Ball, location: 2F
1-2: Ball
2-2: Strikes out swinging
Batting: RHB Nick West 0-0: Ground out U3 (Groundball, 34, EV 101.9 MPH)
Batting: LHB Jason Longoria 0-0: Ball
1-0: SINGLE (Line Drive, 89S, EV 90.6 MPH)
Batting: RHB Juan Cortéz 0-0: Ball
Jason Longoria steals 2nd base (no throw)
1-0: Called Strike
1-1: Swinging Strike
1-2: Ball
2-2: Ball
3-2: Foul Ball, location: 2F
3-2: SINGLE (Groundball, 56D, EV 95.6 MPH)
Jason Longoria to third
Jason Longoria scores
Batting: RHB Jon Branch 0-0: Fly out, F8 (Flyball, 78D, EV 91.9 MPH)
Bottom of the 6th over - 1 run, 2 hits, 0 errors, 1 left on base; Flint 16 - Canonniers de Quebec 2
TOP OF THE 7TH
Flint Crush batting - Pitching for Canonniers de Quebec : RHP Gael Kerwin
Batting: RHB Corey Joseph 0-0: Ball
1-0: Called Strike
1-1: Called Strike
1-2: Fly out, F8 (Flyball, 8RS, EV 85.0 MPH)
Batting: SHB Tom Gray 0-0: Ball
1-0: Called Strike
1-1: Foul Ball, location: 2F
1-2: Foul Ball, location: 2F
1-2: Ball
2-2: Ball
3-2: Foul Ball, location: 2F
3-2: Base on Balls
Batting: RHB Roy Smith 0-0: Ball
1-0: Ball
2-0: Called Strike
2-1: Called Strike
2-2: Strikes out swinging
Batting: RHB Tony Silva 0-0: SINGLE (Groundball, 6MD, EV 100.6 MPH)
Tom Gray to second
Batting: RHB Jason Conway 0-0: Ball
1-0: Fly out, F5 (Line Drive, 5, EV 63.1 MPH)
Top of the 7th over - 0 runs, 1 hit, 0 errors, 2 left on base; Flint 16 - Canonniers de Quebec 2
BOTTOM OF THE 7TH
Canonniers de Quebec batting - Pitching for Flint Crush : RHP Todd Montgomery
Batting: RHB Manny Costello 0-0: Ball
1-0: Called Strike
1-1: Swinging Strike
1-2: Foul Ball, location: 2F
1-2: Strikes out looking
Batting: RHB Ludwig Mangin 0-0: Reached on error, E6 (Groundball, 6M, EV 102.5 MPH)
Batting: RHB Ron Johnson 0-0: Ball
Ludwig Mangin steals 2nd base (no throw)
1-0: Foul Ball, location: 2F
1-1: Foul Ball, location: 2F
1-2: Ball
2-2: Ball
3-2: DOUBLE (Line Drive, 9LD, EV 104.4 MPH)
Ludwig Mangin scores
Batting: LHB Jake Hill 0-0: Ball
1-0: Called Strike
1-1: Ball
2-1: Ground out U3 (Groundball, 3, EV 93.8 MPH)
Ron Johnson to third
Batting: RHB Cam Lloyd 0-0: Ball
1-0: Foul Ball, location: 2F
1-1: Ball
2-1: DOUBLE (Line Drive, 9LM, EV 107.5 MPH)
Ron Johnson scores
Pitching: LHP Carl Wilson
Batting: RHB Nick West 0-0: Ball
1-0: Called Strike
1-1: Ball
2-1: Foul Ball, location: 2F
2-2: Ball
3-2: Ground out 4-3 (Groundball, 4, EV 81.9 MPH)
Bottom of the 7th over - 2 runs, 2 hits, 1 error, 1 left on base; Flint 16 - Canonniers de Quebec 4
TOP OF THE 8TH
Flint Crush batting - Pitching for Canonniers de Quebec : RHP Gael Kerwin
Batting: SHB Mike Sherman 0-0: Ball
1-0: Ball
2-0: Ball
3-0: Base on Balls
Pitching: LHP Mark Weber
Pinch Hitting: RHB Aimo Joenlahti 0-0: Ball
1-0: Swinging Strike
1-1: Swinging Strike
1-2: Strikes out looking
Batting: RHB Bindu Mongia 0-0: Foul Ball, location: 2F
0-1: Hit by Pitch
Mike Sherman to second
Batting: SHB Barnes Libbinga 0-0: Ball
1-0: Ball
2-0: Called Strike
2-1: SINGLE (Line Drive, 4D, EV 101.9 MPH)
Mike Sherman to third
Bindu Mongia to second
Batting: RHB Corey Joseph 0-0: Ball
1-0: Ball
2-0: Ball
3-0: Base on Balls
Mike Sherman scores
Bindu Mongia to third
Barnes Libbinga to second
Batting: SHB Tom Gray 0-0: Ball
1-0: Ball
2-0: Ball
3-0: Called Strike
3-1: Foul Ball, location: 2F
3-2: SINGLE (Flyball, 9S, EV 98.8 MPH)
Bindu Mongia scores
Barnes Libbinga to third
Corey Joseph to second
Runner from 3rd tries for Home, SAFE, throw by RF to home
Batting: RHB Roy Smith 0-0: Called Strike
0-1: Foul Ball, location: 2F
Balk!
Corey Joseph to third
Tom Gray to second
0-2: Ball
1-2: Ground out 5-3 (Groundball, 5, EV 87.5 MPH)
Batting: RHB Tony Silva 0-0: Fly out, F7 (Line Drive, 7, EV 102.5 MPH)
Top of the 8th over - 3 runs, 2 hits, 0 errors, 2 left on base; Flint 19 - Canonniers de Quebec 4
BOTTOM OF THE 8TH
Canonniers de Quebec batting - Pitching for Flint Crush : LHP Carl Wilson
Now in LF: Aimo Joenlahti
Batting: LHB Jason Longoria 0-0: Foul Ball, location: 2F
0-1: Ball
1-1: Ball
2-1: Swinging Strike
2-2: Foul Ball, location: 2F
2-2: Strikes out swinging
Batting: RHB Juan Cortéz 0-0: Foul Ball, location: 2F
0-1: Ball
1-1: Ball
2-1: Foul Ball, location: 2F
2-2: SINGLE (Groundball, 34D, EV 94.4 MPH)
Batting: RHB Jon Branch 0-0: SINGLE (Line Drive, 8RS, EV 109.4 MPH)
Juan Cortéz to second
Batting: RHB Manny Costello 0-0: Ball
1-0: Ball
2-0: Called Strike
2-1: Called Strike
2-2: Ball
3-2: Foul Ball, location: 2F
3-2: Foul Ball, location: 2F
3-2: Base on Balls
Juan Cortéz to third
Jon Branch to second
Batting: RHB Ludwig Mangin 0-0: Ball
1-0: Called Strike
1-1: SINGLE (Groundball, 25, EV 60.6 MPH) (infield hit)
Juan Cortéz scores
Jon Branch to third
Manny Costello to second
Batting: RHB Ron Johnson 0-0: Fly out, F8 (Line Drive, 8LM, EV 92.5 MPH)
Batting: LHB Jake Hill 0-0: Ball
1-0: Ball
2-0: Called Strike
2-1: Ball
3-1: Base on Balls
Jon Branch scores
Manny Costello to third
Ludwig Mangin to second
Batting: RHB Cam Lloyd 0-0: Ball
1-0: Ball
2-0: Foul Ball, location: 2F
2-1: Foul Ball, location: 2F
2-2: SINGLE (Groundball, 4M, EV 86.9 MPH) (infield hit)
Manny Costello scores
Ludwig Mangin to third
Jake Hill to second
Batting: RHB Nick West 0-0: Swinging Strike
0-1: Called Strike
0-2: Strikes out looking
Bottom of the 8th over - 3 runs, 4 hits, 0 errors, 3 left on base; Flint 19 - Canonniers de Quebec 7
TOP OF THE 9TH
Flint Crush batting - Pitching for Canonniers de Quebec : LHP Mark Weber
Batting: RHB Jason Conway 0-0: Fly out, F3 (Line Drive, 3, EV 70.0 MPH)
Batting: SHB Mike Sherman 0-0: Ball
1-0: Foul Ball, location: 2F
1-1: Ball
2-1: Ball
3-1: Base on Balls
Batting: RHB Aimo Joenlahti 0-0: Called Strike
0-1: Ball
1-1: Foul Ball, location: 2F
1-2: Strikes out swinging
Batting: RHB Bindu Mongia 0-0: Ball
1-0: Called Strike
1-1: Ball
2-1: Foul Ball, location: 2F
2-2: Ball
3-2: Strikes out looking
Top of the 9th over - 0 runs, 0 hits, 0 errors, 1 left on base; Flint 19 - Canonniers de Quebec 7
BOTTOM OF THE 9TH
Canonniers de Quebec batting - Pitching for Flint Crush : LHP Carl Wilson
Batting: LHB Jason Longoria 0-0: Ball
1-0: Called Strike
1-1: Ball
2-1: Ground out 6-3 (Groundball, 56, EV 83.1 MPH)
Batting: RHB Juan Cortéz 0-0: Called Strike
0-1: Foul Ball, location: 2F
0-2: Strikes out looking
Pitching: LHP Conor Wrottesley
Batting: RHB Jon Branch 0-0: Foul Ball, location: 2F
0-1: Foul Ball, location: 2F
0-2: Strikes out swinging
Bottom of the 9th over - 0 runs, 0 hits, 0 errors, 0 left on base; Flint 19 - Canonniers de Quebec 7
Friday, March 26th, 2021 - OOTP Baseball 20.8 Build 74